Map: Kairos Junction LE

Players

Bleak - Winner!

  • Race: Terran Terran
  • League: Master
  • Spawn Location: 5:00

Neuro

  • Race: Zerg Zerg
  • League: Master
  • Spawn Location: 11:00

VOD

Have the link to the VOD?

Description

Time

  • Played on: March 5, 2019, 4:11 a.m.
  • Length: 11:13
Show
View Real Time Build Order
Export as new Build Order

Bleak Terran - Winner!

Build Orders: Reaper Expand 

Get SALT Encoding   

  12  0:01  SCV  
  13  0:13  SCV  
  14  0:17  Supply Depot  
  14  0:25  SCV  
  15  0:39  SCV, Barracks  
  16  0:44  Refinery  
  16  0:51  SCV  
  17  1:03  SCV  
  18  1:15  SCV  
  19  1:27  Orbital Command, Reaper  
  20  1:42  Command Center  
  20  1:52  Supply Depot  
  20  1:53  SCV  
  21  1:59  Marine  
  22  2:05  SCV  
  23  2:09  Factory  
  23  2:15  Refinery  
  23  2:17  SCV  
  24  2:24  Barracks Reactor  
  24  2:30  SCV  
  25  2:42  SCV  
  26  2:54  SCV, Starport  
  26  2:57  Orbital Command  
  27  3:06  SCV  
  27  3:11  Barracks Tech Lab  
  28  3:14  Refinery  
  28  3:16  Hellion x2  
  28  3:18  SCV  
  33  3:30  SCV x2  
  35  3:37  Starport  
  35  3:40  Marine  
  36  3:42  SCV  
  36  3:44  Fusion Core  
  36  3:45  SCV  
  38  3:51  Refinery  
  38  3:54  SCV, Supply Depot  
  39  3:56  Hellion x2  
  39  4:00  SCV  
  44  4:06  SCV  
  45  4:12  SCV  
  45  4:14  Supply Depot  
  46  4:18  SCV  
  47  4:24  SCV  
  47  4:30  SCV  
  49  4:31  Starport Tech Lab  
  49  4:37  Command Center  
  49  4:41  Supply Depot  
  49  4:44  SCV x2  
  51  4:50  Supply Depot  
  51  4:56  SCV x2  
  53  5:08  SCV x2  
  55  5:15  Battlecruiser  
  55  5:16  Battlecruiser  
  55  5:20  SCV  
  55  5:21  Weapon Refit  
  68  5:26  SCV  
  69  5:32  Hellion  
  69  5:33  Hellion  
  69  5:34  SCV  
  70  5:38  SCV  
  70  5:47  Marine  
  67  5:50  Orbital Command  
  67  5:51  Bunker  
  67  5:52  SCV  
  67  5:53  Bunker  
  67  5:54  Hellion x2  
  72  6:02  Factory x2  
  72  6:05  SCV x2  
  74  6:19  Battlecruiser  
  74  6:23  Battlecruiser  
  86  6:26  SCV  
  86  6:27  SCV x2  
  86  6:30  Supply Depot  
  89  6:33  Supply Depot  
  89  6:39  SCV  
  90  6:49  Hellion  
  90  6:52  Hellion  
  94  6:58  SCV x2  
  94  6:59  SCV  
  97  7:04  Factory Tech Lab x2  
  97  7:10  SCV x2  
  101  7:16  Hellion x2  
  101  7:19  Orbital Command  
  103  7:28  Battlecruiser  
  109  7:44  Armory  
  109  7:45  Armory  
  109  7:46  SCV x2, Battlecruiser  
  117  8:00  Supply Depot x2  
  117  8:01  Supply Depot  
  117  8:06  Supply Depot  
  117  8:07  SCV x2  
  117  8:08  Hellion x3  
  117  8:09  Refinery x2  
  125  8:21  Hellion, SCV x3  
  126  8:27  Engineering Bay, Mag-Field Accelerator  
  126  8:29  Hellion  
  126  8:31  Cyclone x2  
  126  8:33  SCV x3  
  137  8:41  Battlecruiser  
  143  8:43  Hellion  
  145  8:50  Hellion  
  145  8:52  Supply Depot  
  147  9:04  Hellion  
  149  9:11  Cyclone  
  149  9:12  Hellion, Cyclone  
  149  9:14  SCV x3  
  149  9:15  Missile Turret  
  160  9:17  Missile Turret  
  160  9:18  Sensor Tower  
  160  9:20  Missile Turret  
  160  9:21  Command Center, Missile Turret  
  160  9:24  Missile Turret  
  160  9:45  Supply Depot x2  
  160  9:49  Supply Depot  
  160  10:12  Cyclone x2  
  160  10:13  Hellion x2  
  156  10:31  SCV x3  
  159  10:39  Starport  
  159  10:41  Starport  
  159  10:43  Hellion x2  
  169  10:51  Command Center  
Show
View Real Time Build Order
Export as new Build Order

Neuro Zerg 

Build Orders: Hatch First, Muta Ling Bane 

Get SALT Encoding   

  12  0:01  Drone  
  13  0:13  Overlord  
  13  0:19  Drone  
  14  0:32  Drone  
  14  0:33  Drone  
  16  0:49  Hatchery  
  15  0:52  Drone  
  15  0:56  Drone  
  17  1:00  Drone  
  18  1:10  Extractor  
  17  1:16  Spawning Pool  
  16  1:19  Drone  
  16  1:22  Drone  
  18  1:29  Drone  
  19  1:40  Drone  
  20  1:51  Overlord  
  20  2:03  Queen x2  
  20  2:04  Zergling x4  
  26  2:11  Metabolic Boost  
  26  2:12  Drone  
  26  2:14  Drone  
  28  2:25  Spore Crawler  
  28  2:27  Drone x2  
  29  2:36  Overlord  
  29  2:47  Queen  
  29  2:48  Drone x3  
  34  2:52  Queen  
  34  2:57  Drone x2  
  38  3:08  Hatchery  
  38  3:10  Drone  
  38  3:19  Drone x4  
  42  3:34  Overlord x2  
  42  3:40  Zergling x4  
  44  3:51  Overlord  
  44  3:56  Overlord, Baneling Nest  
  44  3:57  Drone x4  
  47  4:04  Lair  
  47  4:05  Queen  
  47  4:09  Zergling x8  
  53  4:17  Spore Crawler  
  53  4:18  Drone x2  
  54  4:28  Drone x3  
  57  4:32  Drone x5  
  57  4:33  Spore Crawler  
  57  4:35  Spore Crawler  
  57  4:38  Overlord  
  60  4:39  Drone x2  
  60  4:43  Drone x2  
  64  4:46  Queen  
  64  4:50  Drone x2  
  64  4:51  Extractor  
  67  4:58  Zergling x8  
  69  5:05  Overlord  
  69  5:08  Centrifical Hooks  
  69  5:15  Zergling x12  
  69  5:19  Extractor  
  69  5:20  Extractor  
  69  5:21  Zergling x12  
  76  5:36  Baneling  
  76  5:37  Baneling x2  
  74  5:44  Drone x6  
  79  5:51  Drone  
  79  5:52  Drone x7, Hatchery  
  86  6:08  Drone x4  
  90  6:12  Hatchery  
  90  6:14  Evolution Chamber  
  90  6:15  Drone x2, Evolution Chamber  
  90  6:16  Spire, Extractor  
  87  6:32  Queen x2  
  88  6:43  Zerg Ground Armor Level 1, Overlord x2  
  88  6:44  Overlord  
  83  7:00  Overlord x3  
  81  7:01  Queen  
  81  7:06  Queen  
  81  7:08  Queen x2  
  86  7:16  Drone x7  
  93  7:27  Corruptor x2  
  93  7:31  Corruptor  
  93  7:32  Corruptor  
  93  7:36  Corruptor  
  93  7:57  Extractor  
  88  8:00  Spawning Pool  
  88  8:04  Drone x6  
  93  8:05  Extractor x2  
  93  8:07  Extractor  
  93  8:08  Extractor  
  89  8:13  Drone x3  
  92  8:24  Mutalisk  
  88  8:29  Overlord x4  
  88  8:35  Drone  
  88  8:36  Drone x3  
  88  8:40  Drone x3  
  95  8:44  Zerg Flyer Armor Level 1  
  95  8:45  Overlord x11  
  95  8:56  Corruptor  
  95  9:04  Corruptor  
  95  9:09  Corruptor  
  89  9:13  Queen x2  
  93  9:24  Drone x7  
  98  9:28  Hatchery  
  99  9:34  Hatchery  
  98  9:48  Drone x8  
  106  9:56  Baneling x9  
  106  9:59  Queen x2  
  110  10:00  Zergling x6  
  112  10:11  Zergling x2  
  112  10:12  Zergling x16  
  104  10:21  Corruptor x4  
  100  10:30  Drone x3  
  100  10:34  Drone x3  
  108  10:43  Drone x5  
  113  10:53  Baneling  
  113  10:54  Baneling x15  
  113  10:55  Zergling x2  
Tags
 
Add a new tag
Caveats
  • Supply blocks, unpowered buildings, or Contaminate may cause inaccurate times.
  • Supply counts are checked every 10 seconds.